 Dungeon Crawl Stone Soup version 0.26-b1-32-g5d43845318 (webtiles) character file.

Game seed: 1219919572960905537

410 funkygono the Firebug (level 6, 0/41 HPs)
             Began as a Demonspawn Fire Elementalist on Jan 10, 2021.
             Killed from afar by an orc wizard (10 damage)
             ... with a magic dart
             ... on level 3 of the Dungeon.
             The game lasted 00:09:25 (3757 turns).

funkygono the Firebug (DsFE)                        Turns: 3757, Time: 00:09:26

Health: 0/41       AC:  3    Str:  8    XL:     6   Next: 58%
Magic:  6/12       EV: 17    Int: 18    God:
Gold:   215        SH:  0    Dex: 20    Spells: 7/13 levels left

rFire    . . .     SeeInvis .   p - +0 whip
rCold    . . .     Faith    .   (no shield)
rNeg     . . .     Spirit   .   a - +0 robe
rPois    .         Reflect  .   (helmet restricted)
rElec    .         Harm     +   f - scarf {harm}
rCorr    .         Rampage  .   (no gloves)
Will     .....                  n - +0 pair of boots
Stlth    ++........             (no amulet)
HPRegen  0.13/turn              m - +4 ring of evasion
MPRegen  0.13/turn              c - +6 ring of dexterity

@: no status effects
A: horns 1
a: no special abilities


You were on level 3 of the Dungeon.
You visited 1 branch of the dungeon, and saw 4 of its levels.

You collected 215 gold pieces.

Inventory:

Hand Weapons
 p - a +0 whip (weapon)
Missiles
 d - 113 stones
Armour
 a - a +0 robe (worn)
 f - a scarf of harm (worn)
 n - a +0 pair of boots (worn)
 o - a +0 buckler
Jewellery
 c - a +6 ring of dexterity (right hand)
 m - a +4 ring of evasion (left hand)
Wands
 q - a wand of digging (3)
Scrolls
 e - 2 scrolls of remove curse
 r - a scroll of amnesia
Potions
 b - 3 potions of flight
 g - 2 potions of curing
 h - 2 potions of brilliance
 i - a potion of lignification {unknown}
 j - a potion of resistance {unknown}
 k - a potion of magic {unknown}
 l - a potion of heal wounds


   Skills:
 + Level 0.2 Fighting
 + Level 2.3 Dodging
 + Level 2.3 Stealth
 + Level 4.0 Spellcasting
 * Level 3.4 Conjurations
 * Level 4.3 Fire Magic


You had 7 spell levels left.
You knew the following spells:

 Your Spells              Type           Power        Failure   Level
a - Foxfire               Conj/Fire      68%          3%          1
b - Fireball              Conj/Fire      8%           63%         5

Your spell library contained the following spells:

 Spells                   Type           Power        Failure   Level
 Conjure Flame            Conj/Fire      17%          9%          3
 Inner Flame              Hex/Fire       11%          19%         3
 Sticky Flame             Conj/Fire      17%          30%         4


Dungeon Overview and Level Annotations

Branches:
Dungeon (4/15)
 Temple: D:4-7

Altars:
Trog


Innate Abilities, Weirdness & Mutations

You have a pair of small horns on your head.


Message History

Casting: Foxfire (safe; 3% risk of failure)
Confirm with . or Enter, or press ? or * to list all spells.
You conjure some foxfire!
The foxfire hits the orc wizard.
The orc wizard is lightly wounded.
The foxfire hits the orc but does no damage.
The orc is severely wounded.
The orc misses you.
The foxfire hits the orc.
You kill the orc!
The foxfire hits the orc wizard but does no damage.
The orc wizard is lightly wounded.
The orc misses you.
The orc priest invokes the aid of Beogh against you.
Beogh smites you!
* * * LOW HITPOINT WARNING * * *
You climb upwards.
There is a stone staircase leading down here.
The orc wizard points at you and mumbles some strange words.
The magic dart hits you!
You die...

.##................#.# #.#
###................#.#####.#
###...######)#####.#....##.#
..######.....### #.#..####.#
..# #........# #.#.....#.#
..# #........# #.#.###.#.#
..#####........###.#####.#.#
..'.............o>...#...#.#
..#####.........@o.#.#.###.#
..#####........#####.#.###.#
......'........# #.#.....#
..#####........# #.#######
............#+## #.#
......#####.#.# #.#
......'..<#'#'######.#
......###............#
......# #........)...#


You could see an orc wizard and an orc.

Vanquished Creatures
  Grinder (D:3)
  An orc priest (D:3)
  Jessica (D:3)
  Terence (D:3)
  4 adders
  2 worms (D:2)
  3 dart slugs
  A leopard gecko (D:1)
  9 orcs
  A ball python (D:2)
  3 giant cockroaches (D:3)
  5 goblins
  10 hobgoblins
  A quokka (D:1)
  9 bats
  A frilled lizard (D:1)
  14 kobolds
  8 rats
75 creatures vanquished.

Vanquished Creatures (others)
  269 foxfires
269 creatures vanquished.

Grand Total: 344 creatures vanquished

Notes
Turn   | Place    | Note
-------+----------+-------------------------------------------
     0 | D:1      | funkygono the Demonspawn Fire Elementalist began the quest
                  | for the Orb.
     0 | D:1      | Reached XP level 1. HP: 13/13 MP: 3/3
   261 | D:1      | Gained mutation: You have a pair of small horns on your
                  | head. [demonic ancestry]
   261 | D:1      | Reached XP level 2. HP: 19/19 MP: 3/5
  1308 | D:2      | Reached XP level 3. HP: 18/24 MP: 2/7
  1574 | D:2      | Found a bloodstained altar of Trog.
  1874 | D:2      | Reached XP level 4. HP: 30/30 MP: 3/8
  2348 | D:3      | Noticed Grinder
  2634 | D:3      | Paralysed by Grinder for 4 turns
  2641 | D:3      | Killed Grinder
  2642 | D:3      | Reached XP level 5. HP: 20/35 MP: 0/10
  2642 | D:3      | Reached XP level 6. HP: 23/41 MP: 0/11
  2648 | D:3      | Learned a level 5 spell: Fireball
  2959 | D:3      | Noticed Terence
  2966 | D:3      | Killed Terence
  3256 | D:3      | Noticed Jessica
  3583 | D:3      | Killed Jessica
  3757 | D:3      | Killed from afar by an orc wizard

Illustrated notes

Levels and vault maps discovered:
D:1:      dpeg_arrival_boxes_within_box, layout_basic, minmay_indecisive_spiral
D:2:      layout_rooms, lemuel_crystal_altar
D:3:      layout_basic, uniq_grinder, uniq_terence, uniq_jessica
D:4:      layout_cave_pools, minmay_temple_entry_mini_moons,
          minmay_crystal_water, uniq_sigmund

Skill      XL: |  1  2  3  4  5  6 |
---------------+-------------------+-----
Stealth        | 2 |  2.3
Fire Magic     | 3 4 |  4.3
Conjurations   | 2 3 |  3.4
Spellcasting   | 3 4 |  4.0
Dodging        | 2 |  2.3
Fighting       | |  0.2

Action                   |  1- 3 |  4- 6 || total
-------------------------+-------+-------++-------
Melee: Unarmed           |     3 |       ||     3
       Headbutt          |     1 |       ||     1
       Whip              |       |     6 ||     6
 Cast: Foxfire           |    67 |    93 ||   160
  Use: Scroll            |     7 |     4 ||    11
       Potion            |       |     2 ||     2
Armor: Robe              |     5 |     9 ||    14
Dodge: Dodged            |    23 |    40 ||    63
